[ AOE2 MATCH · #507287698 ]
UnrankedHuns vs Ethiopians
Player's team · LOSS
Rival team · WIN
[ REPLAY ANALYSIS · EXTRACTED FROM THE RECORDED GAME ]
Feudal
10:05
Castle
—
Imperial
—
| APM avg | 73.1 |
| APM peak | 113 |
| eAPM avg | 29.0 |
| Villagers / military | 40 / 43 |
Focus
⚔️ 43.8% · 🌾 56.2%
Archer ×37 · Militia ×4 · Skirmisher ×2
Feudal
11:22
Castle
15:29
Imperial
—
| APM avg | 58.8 |
| APM peak | 83 |
| eAPM avg | 21.3 |
| Villagers / military | 32 / 4 |
Focus
⚔️ 15.5% · 🌾 84.5%
Knight ×2 · Scorpion ×2
Match map
Initial resources + every placement click. Lines = walls · curves = elevation contours. ◆ gold · ⬟ stone · ● berries · ✦ relic · ◌ wall gap
Your base· Open — unwalled flank
ENroth's base· Open — 6t gap
Smoothed initial terrain · ◌ = detected wall gap · hover for details
Inputs per minute
— Pedro - - ENroth
Build order — Pedro
123 actions detected in the replay
| 0:00 | Create | Villager (Male) |
| 0:01 | Create | Villager (Male) |
| 0:01 | Create | Villager (Male) |
| 0:01 | Create | Villager (Male) |
| 1:18 | Create | Villager (Male) |
| 1:50 | Create | Villager (Male) |
| 1:53 | Build | Lumber Camp |
| 2:27 | Create | Villager (Male) |
| 2:58 | Create | Villager (Male) |
| 3:09 | Create | Villager (Male) |
| 3:34 | Create | Villager (Male) |
| 3:49 | Create | Villager (Male) |
| 4:34 | Create | Villager (Male) |
| 4:41 | Create | Villager (Male) |
| 4:54 | Build | Barracks |
| 5:04 | Create | Villager (Male) |
| 5:20 | Create | Villager (Male) |
| 5:41 | Create | Villager (Male) |
| 5:50 | Create | Militia |
| 5:51 | Create | Militia |
| 6:04 | Create | Villager (Male) |
| 6:09 | Build | Mill |
| 6:10 | Create | Militia |
| 6:10 | Create | Militia |
| 6:46 | Create | Villager (Male) |
| 7:01 | Research | Loom |
| 7:55 | Research | Feudal Age |
| 7:55 | Research | Feudal Age |
| 8:04 | Build | Lumber Camp |
| 8:39 | Build | Mining Camp |
| 8:43 | Create | Villager (Male) |
| 8:46 | Create | Villager (Male) |
| 9:07 | Create | Villager (Male) |
| 9:47 | Create | Villager (Male) |
| 10:05 | Age | Feudal Age |
| 10:08 | Build | Archery Range |
| 10:13 | Research | Man-at-Arms (upgrade) |
| 10:13 | Research | Man-at-Arms (upgrade) |
| 10:17 | Research | Double-Bit Axe |
| 10:17 | Research | Double-Bit Axe |
| 10:18 | Create | Villager (Male) |
| 10:41 | Create | Villager (Male) |
| 10:44 | Create | Archer |
| 10:57 | Create | Archer |
| 10:57 | Create | Archer |
| 10:57 | Create | Villager (Male) |
| 11:03 | Build | Archery Range |
| 11:30 | Build | Watch Tower |
| 11:33 | Create | Archer |
| 11:33 | Create | Archer |
| 11:37 | Create | Villager (Male) |
| 11:39 | Create | Archer |
| 11:39 | Create | Archer |
| 11:40 | Create | Villager (Male) |
| 11:58 | Create | Archer |
| 11:59 | Create | Archer |
| 12:05 | Create | Skirmisher |
| 12:06 | Create | Skirmisher |
| 12:19 | Create | Villager (Male) |
| 12:44 | Build | Blacksmith |
| 12:47 | Create | Archer |
| 12:48 | Create | Archer |
| 12:48 | Create | Archer |
| 13:11 | Create | Archer |
| 13:11 | Create | Archer |
| 13:11 | Create | Archer |
| 13:13 | Create | Villager (Male) |
| 13:23 | Build | Palisade Wall |
| 13:24 | Build | Palisade Wall |
| 13:25 | Build | Palisade Wall |
| 13:27 | Create | Archer |
| 13:27 | Create | Archer |
| 13:28 | Create | Archer |
| 13:28 | Create | Villager (Male) |
| 13:38 | Research | Fletching |
| 13:42 | Create | Archer |
| 13:43 | Create | Archer |
| 13:55 | Create | Archer |
| 13:55 | Create | Archer |
| 13:55 | Create | Villager (Male) |
| 13:58 | Build | Farm |
| 13:59 | Build | Farm |
| 14:16 | Create | Villager (Male) |
| 14:26 | Create | Archer |
| 14:26 | Create | Archer |
| 14:27 | Create | Archer |
| 14:43 | Create | Villager (Male) |
| 14:46 | Build | Farm |
| 14:46 | Build | Farm |
| 14:47 | Build | Farm |
| 14:47 | Build | Farm |
| 15:03 | Create | Archer |
| 15:03 | Create | Archer |
| 15:20 | Create | Archer |
| 15:22 | Create | Villager (Male) |
| 15:46 | Create | Archer |
| 15:46 | Create | Archer |
| 15:46 | Create | Villager (Male) |
| 15:49 | Build | Farm |
| 16:05 | Build | Farm |
| 16:05 | Build | Farm |
| 16:05 | Build | Farm |
| 16:28 | Build | Farm |
| 16:42 | Create | Villager (Male) |
| 16:53 | Build | Mining Camp |
| 17:05 | Research | Padded Archer Armor |
| 17:05 | Research | Padded Archer Armor |
| 17:09 | Create | Villager (Male) |
| 17:11 | Build | Farm |
| 17:14 | Build | Farm |
| 17:24 | Create | Archer |
| 17:25 | Create | Archer |
| 17:26 | Create | Villager (Male) |
| 17:39 | Create | Archer |
| 17:39 | Create | Villager (Male) |
| 17:41 | Build | Farm |
| 17:57 | Create | Archer |
| 17:57 | Create | Archer |
| 17:57 | Create | Archer |
| 17:57 | Create | Archer |
| 18:14 | Build | Farm |
| 18:27 | Create | Villager (Male) |
| 18:31 | Build | Farm |
Build order — ENroth
68 actions detected in the replay
| 0:00 | Create | Villager (Male) |
| 0:01 | Create | Villager (Male) |
| 0:01 | Create | Villager (Male) |
| 0:03 | Build | House |
| 0:04 | Build | House |
| 0:47 | Create | Villager (Male) |
| 1:24 | Create | Villager (Male) |
| 1:56 | Build | House |
| 1:57 | Build | House |
| 2:00 | Build | Lumber Camp |
| 2:07 | Create | Villager (Male) |
| 2:07 | Create | Villager (Male) |
| 2:25 | Create | Villager (Male) |
| 2:25 | Create | Villager (Male) |
| 3:19 | Create | Villager (Male) |
| 3:19 | Create | Villager (Male) |
| 4:03 | Create | Villager (Male) |
| 4:03 | Create | Villager (Male) |
| 4:35 | Create | Villager (Male) |
| 4:35 | Create | Villager (Male) |
| 4:35 | Create | Villager (Male) |
| 4:35 | Create | Villager (Male) |
| 4:59 | Create | Villager (Male) |
| 5:30 | Create | Villager (Male) |
| 6:22 | Build | Mill |
| 7:05 | Create | Villager (Male) |
| 7:05 | Create | Villager (Male) |
| 7:05 | Create | Villager (Male) |
| 7:06 | Research | Loom |
| 7:08 | Create | Villager (Male) |
| 7:09 | Research | Loom |
| 8:30 | Build | Mining Camp |
| 8:47 | Create | Villager (Male) |
| 8:48 | Research | Feudal Age |
| 9:17 | Build | Barracks |
| 9:30 | Build | House |
| 10:03 | Build | House |
| 10:04 | Build | Palisade Wall |
| 10:05 | Build | Palisade Wall |
| 10:15 | Create | Villager (Male) |
| 10:15 | Create | Villager (Male) |
| 10:16 | Create | Villager (Male) |
| 10:50 | Build | House |
| 10:57 | Build | House |
| 11:06 | Build | Palisade Wall |
| 11:14 | Build | Palisade Wall |
| 11:22 | Age | Feudal Age |
| 11:38 | Build | Stable |
| 11:45 | Build | Blacksmith |
| 12:50 | Research | Castle Age |
| 13:10 | Build | Lumber Camp |
| 14:47 | Build | Outpost |
| 14:59 | Build | House |
| 15:13 | Research | Double-Bit Axe |
| 15:29 | Age | Castle Age |
| 15:32 | Create | Knight |
| 15:33 | Create | Knight |
| 15:39 | Build | Siege Workshop |
| 16:16 | Create | Scorpion |
| 16:32 | Create | Villager (Male) |
| 16:32 | Create | Villager (Male) |
| 16:32 | Create | Villager (Male) |
| 17:00 | Create | Scorpion |
| 17:18 | Build | Town Center |
| 18:00 | Create | Villager (Male) |
| 18:18 | Build | Outpost |
| 18:27 | Create | Villager (Male) |
| 18:35 | Build | Farm |
Match timeline
| 4:54 | Pedro · first_building Barracks |
| 9:17 | ENroth · first_building Barracks |
| 10:04 | ENroth · wall_segment Palisade Wall x1 |
| 10:05 | Pedro · age_up feudal |
| 10:05 | ENroth · wall_segment Palisade Wall x1 |
| 10:08 | Pedro · first_building Archery Range |
| 11:06 | ENroth · wall_segment Palisade Wall x1 |
| 11:14 | ENroth · wall_segment Palisade Wall x1 |
| 11:22 | ENroth · age_up feudal |
| 11:38 | ENroth · first_building Stable |
| 13:23 | Pedro · wall_segment Palisade Wall x1 |
| 13:24 | Pedro · wall_segment Palisade Wall x1 |
| 13:25 | Pedro · wall_segment Palisade Wall x1 |
| 15:29 | ENroth · age_up castle |
| 15:39 | ENroth · first_building Siege Workshop |
| 18:42 | Pedro · resign |
[ AI ANALYSIS · 1 CREDIT ]
What really happened in this match?
Wolo.gg analyzes every decision: build order, eco, micro, common mistakes by bracket. Personalized analysis on WhatsApp or Discord in 30 seconds.
Civ guide
Huns
Perfil
Jugador #339375